 Dungeon Crawl Stone Soup version 0.31-a0-303-gdc8c9485ea (webtiles) character file.

Game seed: 8705200281878613830

826 Hiru the Digger (level 8, -5/61 HPs)
             Began as a Formicid Earth Elementalist on July 17, 2023.
             Slain by a hornet (8 damage)
             ... on level 5 of the Dungeon.
             The game lasted 00:11:14 (4114 turns).

Hiru the Digger (Formicid Earth Elementalist)       Turns: 4114, Time: 00:11:15

Health: -5/61      AC:  9    Str: 12    XL:     8   Next: 17%
Magic:  11/20      EV: 10    Int: 18    God:
Gold:   394        SH:  0    Dex: 14    Spells: 6/11 levels left

rFire   + . .        l - +2 dagger (drain)
rCold   . . .        (no shield)
rNeg    . . .        i - +0 ring mail
rPois   +            (helmet unavailable)
rElec   .            j - +2 cloak {rPois}
rCorr   .            (no gloves)
SInv    +            (no boots)
Will    .....        (no amulet)
Stlth   +            y - ring of protection from fire
HPRegen 0.30/turn    k - ring of magical power
MPRegen 0.17/turn

%: no passive effects
@: no status effects
A: permanent stasis, dig shafts and tunnels, antennae 3, four strong arms
a: Dig, Shaft Self


You were on level 5 of the Dungeon.
You visited 1 branch of the dungeon, and saw 5 of its levels.

You collected 394 gold pieces.

Inventory:

Hand Weapons
 l - a +2 dagger of draining (weapon)
 r - a +0 hand axe
Armour
 i - a +0 ring mail (worn)
 j - a +2 cloak of poison resistance (worn)
Jewellery
 h - a ring of poison resistance
 k - a ring of magical power (right hand)
 y - a ring of protection from fire (left hand)
Wands
 u - a wand of roots (12)
 x - a wand of polymorph (9)
Scrolls
 a - 2 scrolls of enchant weapon {unknown}
 e - 3 scrolls of immolation {unknown}
 f - a scroll of acquirement {unknown}
 g - 3 scrolls of enchant armour
 m - a scroll of fear {unknown}
 o - 2 scrolls of teleportation {unknown}
 q - a scroll of brand weapon {unknown}
 s - a scroll of revelation {unknown}
 t - 3 scrolls of poison {unknown}
 v - a scroll of torment {unknown}
Potions
 b - a potion of magic
 n - a potion of heal wounds {unknown}
 p - 3 potions of curing
 w - a potion of degeneration {unknown}


   Skills:
 + Level 4.8 Fighting
 - Level 3.0 Axes
 - Level 4.4 Armour
 - Level 1.7 Dodging
 - Level 2.4 Stealth
 - Level 2.1 Spellcasting
 + Level 2.0 Transmutations
 + Level 6.5 Earth Magic


You had 6 spell levels left.
You knew the following spells:

 Your Spells              Type           Power      Damage    Failure   Level
a - Sandblast             Erth           50%        2d12      2%          1
b - Petrify               Tmut/Erth      17%        N/A       54%         4

Your spell library contained the following spells:

 Spells                   Type           Power      Damage    Failure   Level
 Passwall                 Tmut/Erth      14%        N/A       10%         2
 Stone Arrow              Conj/Erth      26%        3d8       30%         3
 Kiss of Death            Conj/Necr      4%         2d5       36%         1
 Confusing Touch          Hex            1%         N/A       75%         3
 Dispel Undead            Necr           1%         3d6       98%         4


Dungeon Overview and Level Annotations

Branches:
Dungeon (5/15)
 Temple: D:4-7

Altars:
Fedhas
Vehumet


Innate Abilities, Weirdness & Mutations

You cannot be hasted, slowed, berserked, paralysed or teleported.
You can dig through walls and to a lower floor.
You have a pair of large antennae on your head. (SInv)
Your four strong arms can wield two-handed weapons with a shield.


Message History

The hornet is moderately wounded.
The hornet barely misses you.
The jelly jiggles.
The hornet stings you!
Your magical contamination has completely faded away.
Unknown command.
Unknown command.
Casting: Sandblast (safe; 2% risk of failure)
Confirm with . or Enter, or press ? or * to list all spells.
Aiming: Sandblast (safe; 2% risk of failure)
Press: ? - help, Shift-Dir - straight line, f/p - hornet
Aim: a hornet (moderately wounded, 74% to hit)
The blast of sand hits the hornet but does no damage.
The hornet is moderately wounded.
The hornet stings you.
* * * LOW HITPOINT WARNING * * *
The hornet closely misses you.
Unknown command.
Casting: Sandblast (safe; 2% risk of failure)
Confirm with . or Enter, or press ? or * to list all spells.
Aiming: Sandblast (safe; 2% risk of failure)
Press: ? - help, Shift-Dir - straight line, f/p - hornet
Aim: a hornet (lightly wounded, 74% to hit)
The blast of sand hits the hornet!
The hornet is severely wounded.
The hornet stings you!
* * * LOW HITPOINT WARNING * * *
The hornet closely misses you.
Casting: Sandblast (safe; 2% risk of failure)
Confirm with . or Enter, or press ? or * to list all spells.
Aiming: Sandblast (safe; 2% risk of failure)
Press: ? - help, Shift-Dir - straight line, f/p - hornet
Aim: a hornet (severely wounded, 74% to hit)
The blast of sand hits the hornet!
The hornet is almost dead.
The hornet stings you.
* * * LOW HITPOINT WARNING * * *
The hornet stings you but does no damage.
The hornet stings you!
You die...

# #.# #######....# ...
####.#########.#.#...... ###
............##.#.#......
####.######.#....#.#....
#....###.......###.#....
#.#...##.......# #.#..... .
....#.##.......# #. .#......
.:.##...###.##.####### #...
#..####.# #.##..@y5J.#..#{#
#..# #.###.########.....#
#..# #..##..........#......
#..#####.#############.#...#
...#.............. . .#.
##.#.####..###### .. ..
......# ##.# .. . ##.#..#
#.### ... #.#..# #...#


You could see a hornet, a jelly and a white imp.

Vanquished Creatures
  An ogre (D:5)
  2 scorpions
  2 howler monkeys
  3 hounds (D:5)
  2 orc priests (D:3)
  2 iguanas (D:5)
  2 jellies (D:5)
  A gnoll bouda (D:5)
  2 orc wizards (D:5)
  3 gnolls (D:5)
  6 adders
  A white imp (D:5)
  2 ufetubi (D:5)
  A worm (D:4)
  2 dart slugs (D:1)
  8 orcs
  12 ball pythons
  7 endoplasms
  A giant cockroach (D:4)
  8 goblins
  7 hobgoblins
  11 jackals
  2 quokkas
  9 bats
  5 frilled lizards
  9 kobolds
  7 rats
118 creatures vanquished.

Notes
Turn   | Place    | Note
-------+----------+-------------------------------------------
     0 | D:1      | Hiru the Formicid Earth Elementalist began the quest for
                  | the Orb.
     0 | D:1      | Reached XP level 1. HP: 13/13 MP: 3/3
    81 | D:1      | Reached XP level 2. HP: 11/20 MP: 0/5
   248 | D:1      | Reached skill level 1 in Armour
   268 | D:1      | Reached skill level 1 in Fighting
   271 | D:1      | Reached skill level 4 in Earth Magic
   413 | D:1      | Reached XP level 3. HP: 26/26 MP: 4/6
   976 | D:2      | Reached XP level 4. HP: 29/32 MP: 1/7
  1400 | D:2      | Found a faded altar of an unknown god.
  1606 | D:2      | Found a blossoming altar of Fedhas.
  1782 | D:3      | Reached XP level 5. HP: 36/39 MP: 8/8
  2066 | D:3      | Reached skill level 1 in Axes
  2404 | D:3      | Reached skill level 5 in Earth Magic
  2614 | D:3      | Identified the +7 flail "Pasa" {heavy, rF+}
  2738 | D:4      | Reached XP level 6. HP: 47/47 MP: 9/9
  3275 | D:5      | Entered Level 5 of the Dungeon
  3290 | D:5      | Reached XP level 7. HP: 53/53 MP: 10/10
  3389 | D:5      | Found a radiant altar of Vehumet.
  3881 | D:5      | Reached skill level 6 in Earth Magic
  3883 | D:5      | Noticed a yak
  3927 | D:5      | Noticed a hornet
  3995 | D:5      | Learned a level 4 spell: Petrify
  4011 | D:5      | Reached XP level 8. HP: 61/61 MP: 11/11
  4114 | D:5      | HP: 3/61 [hornet (3)]
  4114 | D:5      | Slain by a hornet

Illustrated notes

Levels and vault maps discovered:
D:1:      tekkud_arrival_beachfront_property, layout_basic
D:2:      layout_basic, nicolae_ecumenical_snake_handling, basic_altar,
          chequers_serial_rivers_small_3, minivault_27
D:3:      layout_basic
D:4:      layout_rooms
D:5:      cheibrodos_fzero, layout_basic, mainiacjoe_overflow_24_doors,
          uniq_blork_the_orc

Skill      XL: |  1  2  3  4  5  6  7  8 |
---------------+-------------------------+-----
Armour         | 1 2 3 4 |  4.4
Fighting       | 1 2 3 4 |  4.8
Earth Magic    | 4 5 6 |  6.5
Axes           | 1 2 3 |  3.0
Transmutations | 2 |  2.0
Dodging        | |  1.7
Stealth        | |  2.4
Spellcasting   | |  2.1

Action                     |  1- 3 |  4- 6 |  7- 9 || total
---------------------------+-------+-------+-------++-------
  Melee: Short sword       |    20 |       |       ||    20
         Dagger            |     3 |    73 |    23 ||    99
   Cast: Sandblast         |    34 |    63 |    66 ||   163
Ability: Dig               |     1 |     1 |       ||     2
    Use: Scroll            |       |     3 |       ||     3
   Stab: Sleeping          |     2 |     2 |       ||     4
         Distracted        |       |     1 |       ||     1
 Armour: Ring mail         |    12 |    51 |    30 ||    93
  Dodge: Dodged            |    29 |    55 |    47 ||   131

Table legend: (Time is in decaauts)
 A = Elapsed time spent in this place.
 B = Non-inter-level travel time spent in this place.
 C = Inter-level travel time spent in this place.
 D = Time resting spent in this place.
 E = Time spent auto-exploring this place.
 F = Levels seen in this place.
 G = Mean time per level.
                   A        B        C        D        E       F      G
               +--------+--------+--------+--------+--------+-----+--------+
         Total |   4197 |   4025 |    172 |    443 |   2691 |   5 |  839.4 |
       Dungeon |   4197 |   4025 |    172 |    443 |   2691 |   5 |  839.4 |
               +--------+--------+--------+--------+--------+-----+--------+

Top non-repeatable levels by time:
     D:3: 994 daAuts
     D:1: 919 daAuts
     D:2: 857 daAuts
     D:5: 840 daAuts
     D:4: 585 daAuts
